Selects Terror Battlegroup
Selects Machine Gun Camouflage
Construct Infanterie Kompanie
Construct Panzergrenadier Kompanie
Nebelwerfer 42 Rocket Launcher Team
Pak 40 Anti-tank Gun Team
Panzergrenadier Officer Quarters
Pak 40 Anti-tank Gun Team
Infanterie Officer Quarters
Nebelwerfer 42 Rocket Launcher Team
Nebelwerfer 42 Rocket Launcher Team
Pak 40 Anti-tank Gun Team
Construct Panzer Kompanie
Nebelwerfer 42 Rocket Launcher Team